 Dungeon Crawl Stone Soup version 0.31-a0-95-g6fa058ef04 (webtiles) character file.

Game seed: 11311798816159942298

22 IdlyInterested the Slasher (level 2, -3/22 HPs)
             Began as a Demonspawn Wanderer on May 25, 2023.
             Slain by a black bear (5 damage)
             ... on level 2 of the Dungeon.
             The game lasted 00:02:17 (1086 turns).

IdlyInterested the Slasher (Demonspawn Wanderer)    Turns: 1086, Time: 00:02:18

Health: -3/22      AC:  6    Str: 12    XL:     2   Next: 68%
Magic:  2/2        EV: 10    Int: 13    God:
Gold:   51         SH:  0    Dex: 12    Spells: 1/1 levels left

rFire   . . .        a - +0 long sword
rCold   . . .        (no shield)
rNeg    . . .        o - +0 ring mail
rPois   .            (helmet restricted)
rElec   .            (no cloak)
rCorr   .            c - +0 pair of gloves
SInv    .            (no boots)
Will    .....        (no amulet)
Stlth   +            (no ring)
HPRegen 0.23/turn    (no ring)
MPRegen 0.08/turn

%: no passive effects
@: no status effects
A: horns 1
a: no special abilities


You were on level 2 of the Dungeon.
You visited 1 branch of the dungeon, and saw 2 of its levels.

You collected 51 gold pieces.

Inventory:

Hand Weapons
 a - a +0 long sword (weapon)
 g - a +0 dagger of speed
 p - a +0 rapier
Missiles
 f - 5 stones (quivered)
 m - 5 boomerangs
Armour
 c - a +0 pair of gloves (worn)
 e - a +0 robe
 h - a +0 leather armour
 o - a +0 ring mail (worn)
Scrolls
 j - a scroll of identify {unknown}
 n - a scroll of fear {unknown}
Potions
 b - a potion of attraction
 d - a potion of haste
 i - a potion of resistance {unknown}
 k - a potion of might {unknown}
 l - a potion of lignification {unknown}


   Skills:
 * Level 1.9 Fighting
 - Level 4.5 Long Blades
 - Level 1.0 Throwing
 - Level 1.7 Stealth
 - Level 1.7 Unarmed Combat
 - Level 1.2 Invocations
 + Level 0.2 Evocations


You had one spell level left.
You didn't know any spells.
Your spell library was empty.

Dungeon Overview and Level Annotations

Branches:
Dungeon (2/15)

Altars:


Innate Abilities, Weirdness & Mutations

You have a pair of small horns on your head.


Message History

You slash the black bear!
The black bear is heavily wounded.
The black bear bites you. The black bear misses you.
The black bear claws you but does no damage.
You hit the black bear but do no damage.
Your headbutt misses the black bear.
The black bear is heavily wounded.
The black bear bites you but does no damage.
The black bear barely misses you.
The black bear claws you but does no damage.
You hit the black bear. You headbutt the black bear.
The black bear is severely wounded.
The black bear goes berserk!
You completely miss the black bear.
The black bear is severely wounded.
The black bear bites you. The black bear barely misses you.
The black bear claws you but does no damage.
The black bear bites you. The black bear claws you.
The black bear closely misses you.
You barely miss the black bear.
The black bear is severely wounded.
The black bear bites you.
The black bear claws you but does no damage.
The black bear barely misses you.
The black bear bites you but does no damage.
The black bear closely misses you. The black bear misses you.
You closely miss the black bear.
The black bear is severely wounded.
The black bear closely misses you. The black bear claws you.
* * * LOW HITPOINT WARNING * * *
The black bear misses you.
An endoplasm comes into view.
The endoplasm quivers.
You slash the black bear! Your headbutt misses the black bear.
The black bear is almost dead.
The black bear bites you.
* * * LOW HITPOINT WARNING * * *
The black bear claws you but does no damage.
The black bear claws you.
You die...

#.. #.# #.# #.#
#.# #.# #.# #@#
###h##♣♣
#.SJJ.~♣
..P........~P~.≈
P.~.P.....~♣≈~.≈
~~P~J~....♣♣ ~.~
~~~P~~P...♣ .~
.~S~~~..... ~
~.~S♣~......


You could see a black bear (berserk), 2 adders and 3 endoplasms.

Vanquished Creatures
  4 bats (D:1)
  4 endoplasms (D:1)
  A goblin (D:1)
  3 hobgoblins (D:1)
  2 kobolds (D:1)
  2 ball pythons (D:1)
  3 frilled lizards (D:1)
  A rat (D:1)
20 creatures vanquished.

Notes
Turn   | Place    | Note
-------+----------+-------------------------------------------
     0 | D:1      | IdlyInterested the Demonspawn Wanderer began the quest for
                  | the Orb.
     0 | D:1      | IdlyInterested set off with the following items: a +0 long
                  | sword, a potion of attraction, a +0 pair of gloves, a
                  | potion of haste, a +0 robe.
     0 | D:1      | Reached XP level 1. HP: 13/13 MP: 1/1
   128 | D:1      | Reached skill level 1 in Fighting
   217 | D:1      | Gained mutation: You have a pair of small horns on your
                  | head. [demonic ancestry]
   217 | D:1      | Reached XP level 2. HP: 16/21 MP: 2/2
   537 | D:1      | Reached skill level 1 in Throwing
  1073 | D:2      | Noticed a black bear
  1086 | D:2      | Slain by a black bear

Illustrated notes

Levels and vault maps discovered:
D:1:      psy_arrival_fountain, layout_basic, amcnicky_mini_pool_small,
          chequers_decorated_corner
D:2:      layout_rooms, serial_bayou, serial_bayou_shore_a,
          serial_bayou_lagoon_a, serial_bayou_pond_b, serial_bayou_lagoon_b,
          uniq_sigmund, uniq_jessica

Skill      XL: |  1  2 |
---------------+-------+-----
Fighting       | 1 |  1.9
Throwing       | 1 |  1.0
Long Blades    | |  4.5
Stealth        | |  1.7
Unarmed Combat | |  1.7
Invocations    | |  1.2
Evocations     | |  0.2

Action                     || total
---------------------------++-------
  Melee: Long sword        ||    58
         Headbutt          ||     2
  Throw: Stone             ||     3
   Stab: Sleeping          ||     1
 Armour: Robe              ||    10
         Leather armour    ||    12
         Ring mail         ||     8
  Dodge: Dodged            ||    35

Table legend: (Time is in decaauts)
 A = Elapsed time spent in this place.
 B = Non-inter-level travel time spent in this place.
 C = Inter-level travel time spent in this place.
 D = Time resting spent in this place.
 E = Time spent auto-exploring this place.
 F = Levels seen in this place.
 G = Mean time per level.
                   A        B        C        D        E       F      G
               +--------+--------+--------+--------+--------+-----+--------+
         Total |   1095 |    997 |     98 |     96 |    652 |   2 |  547.5 |
       Dungeon |   1095 |    997 |     98 |     96 |    652 |   2 |  547.5 |
               +--------+--------+--------+--------+--------+-----+--------+

Top non-repeatable levels by time:
     D:1: 1081 daAuts
     D:2: 13 daAuts
